[Event "Titled Tuesday Blitz October 11 Early 2022"]
[White "Molina, Roberto Junio Brito"]
[Black "Malek, Jan"]
[WhiteFideId "2109450"]
[BlackFideId "21864080"]
[WhiteElo "2388"]
[BlackElo "2255"]
[Result "0-1"]
[Round "05"]
[TimeControl "180+1"]
[Date "2022.10.11"]
[WhiteClock "0:00:01"]
[BlackClock "0:00:04"]

1. d4 Nf6 2. Nf3 c5 3. e3 d5 4. c3 e6 5. Bd3 Bd6 6. O-O b6 7. Nbd2 Bb7 8. Qe2 Nbd7 9. e4 dxe4 10. Nxe4 Nxe4 11. Bxe4 Bxe4 12. Qxe4 O-O 13. Rd1 Nf6 14. Qe2 cxd4 15. Rxd4 Qc7 16. Bg5 Rad8 17. Rad1 Bc5 18. Bxf6 gxf6 19. R4d2 Be7 20. Nd4 Qb7 21. Qf3 Qxf3 22. Nxf3 Rxd2 23. Nxd2 Rd8 24. Kf1 f5 25. Ke2 Kg7 26. f4 f6 27. a4 Rd5 28. Nf3 Rxd1 29. Kxd1 Bd6 30. g3 e5 31. Nh4 Bc5 32. fxe5 fxe5 33. Nxf5+ Kf6 34. Nh4 e4 35. Ke2 Bg1 36. h3 Bc5 37. Ng2 Bd6 38. Kf2 Bc5+ 39. Ne3 h5 40. g4 hxg4 41. hxg4 Kg5 42. Ke2 Kf4 43. Nd5+ Kxg4 44. b4 Bd6 45. Ke3 Kf5 46. Kd4 Be5+ 47. Ke3 Bd6 48. c4 Ke5 49. Nc3 Bxb4 50. Nxe4 Bc5+ 51. Kd3 Kf4 52. Nc3 Kf3 53. Nb5 a5 54. Nc7 Kf4 55. Ne6+ Kf3 56. Ng5+ Kf4 57. Ne4 Kf3 58. Nd2+ Kf4 59. Nb3 Kf3 60. Nc1 Kf2 61. Ke4 Ba3 62. Nd3+ Ke2 63. Kd4 Kd2 64. Nf4 Kc2 65. Kd5 Kb3 66. Kc6 Bc5 67. Nd5 Kxc4 68. Nc7 Kb4 69. Kd5 Kxa4 70. Kc4 Ka3 71. Nb5+ Kb2 72. Nc3 Ka3 73. Nb5+ Kb2 74. Nc3 Bg1 75. Ne2 a4 76. Nxg1 a3 0-1


[Site "https://www.chess.com"]

[Event "Titled Tuesday Blitz October 11 Early 2022"]
[White "Moreno Perez, Tobias Sebastian"]
[Black "Aizpurua, Patrick Emilio"]
[WhiteFideId "186716"]
[BlackFideId "6600522"]
[WhiteElo "2487"]
[BlackElo "2378"]
[Result "0-1"]
[Round "05"]
[TimeControl "180+1"]
[Date "2022.10.12"]
[WhiteClock "0:00:03"]
[BlackClock "0:00:29"]

1. Nf3 Nf6 2. c4 e6 3. g3 d5 4. Bg2 Be7 5. O-O O-O 6. d4 c6 7. Nbd2 Nbd7 8. Qc2 b6 9. e4 Ba6 10. Re1 Rc8 11. e5 Ne8 12. cxd5 cxd5 13. Qa4 Nc7 14. Nf1 b5 15. Qd1 b4 16. h4 Bb5 17. h5 a5 18. Ne3 a4 19. h6 g6 20. Ng4 Re8 21. Bf4 Na8 22. Qd2 b3 23. Bg5 Rc2 24. Qf4 Be2 25. Bxe7 Qxe7 26. axb3 axb3 27. Nf6+ Nxf6 28. exf6 Qc7 29. Ne5 Bb5 30. Qf3 Nb6 31. Qxb3 Be2 32. Qe3 Nc4 33. Rec1 Nxe3 0-1


[Site "https://www.chess.com"]

[Event "Titled Tuesday Blitz October 11 Early 2022"]
[White "Moroni, Luca Jr"]
[Black "Zou, Chen"]
[WhiteFideId "865834"]
[BlackFideId "8610959"]
[WhiteElo "2573"]
[BlackElo "2325"]
[Result "1-0"]
[Round "05"]
[TimeControl "180+1"]
[Date "2022.10.11"]
[WhiteClock "0:01:47"]
[BlackClock "0:00:05"]

1. d4 Nf6 2. Bf4 d5 3. e3 c5 4. dxc5 e6 5. b4 a5 6. c3 axb4 7. cxb4 b6 8. Bxb8 Rxb8 9. Bb5+ Ke7 10. c6 Qd6 11. a3 g5 12. Nd2 Bg7 13. Rc1 Ne8 14. Qb3 Nc7 15. a4 Rd8 16. Ne2 Kf8 17. O-O Ra8 18. Rfd1 Qe7 19. e4 Kg8 20. Qg3 h5 21. exd5 exd5 22. Re1 h4 23. Qd3 Qxb4 24. Nf3 Bf6 25. Ned4 g4 26. Ne5 Qd6 27. Nf5 Bxf5 28. Qxf5 g3 29. hxg3 hxg3 30. fxg3 Qe6 31. Qf4 Re8 32. Nf3 1-0


[Site "https://www.chess.com"]

[Event "Titled Tuesday Blitz October 11 Early 2022"]
[White "Munkhgal, Gombosuren"]
[Black "Chigaev, Maksim"]
[WhiteFideId "4901266"]
[BlackFideId "4108116"]
[WhiteElo "2576"]
[BlackElo "2537"]
[Result "0-1"]
[Round "05"]
[TimeControl "180+1"]
[Date "2022.10.11"]
[WhiteClock "0:00:37"]
[BlackClock "0:00:08"]

1. d4 d5 2. Bf4 Nf6 3. e3 c5 4. c3 Nc6 5. Nd2 e6 6. Ngf3 Be7 7. Bd3 Nh5 8. Be5 f6 9. Bg3 g6 10. Qe2 cxd4 11. exd4 O-O 12. O-O-O a6 13. Kb1 Bd7 14. Nh4 f5 15. Ndf3 Ng7 16. Rde1 g5 17. Nxg5 Bxg5 18. Nf3 f4 19. Nxg5 Qxg5 20. h4 Qh5 21. Qxh5 Nxh5 22. Bh2 Rae8 23. g4 fxg3 24. fxg3 e5 25. g4 Nf4 26. Bxf4 Rxf4 27. g5 exd4 28. Rxe8+ Bxe8 29. h5 Ne5 30. Re1 Nxd3 31. Rxe8+ Rf8 32. Re7 dxc3 33. bxc3 b5 34. Ra7 Nc5 35. h6 Kh8 36. Kb2 Rg8 37. Rc7 Ne4 38. Rc6 a5 39. Rb6 Nxg5 40. Rxb5 Nf7 41. Rb6 Rd8 42. Kb3 Kg8 43. Ka4 Kf8 44. Ra6 Ke7 45. Kxa5 Rc8 46. Kb4 Rc7 47. a4 Nd6 48. Ra8 Ke6 49. a5 Rb7+ 50. Kc5 Rc7+ 51. Kd4 Rc4+ 52. Kd3 Rh4 53. a6 Rh3+ 54. Kd4 Rh4+ 55. Kd3 Ra4 56. Rh8 Rxa6 57. Rxh7 Ra1 58. Rg7 Rd1+ 59. Ke2 Rh1 60. Rg6+ Ke5 61. Kd3 Nf5 62. Rg8 Rh3+ 63. Kc2 Rxh6 64. Re8+ Kd6 65. c4 d4 66. Kd3 Rh3+ 67. Kd2 Re3 68. Rc8 Ne7 69. c5+ Kd5 70. Rc7 Nc6 71. Rd7+ Kxc5 72. Kc2 Ra3 73. Kb2 Ra6 74. Rh7 Rb6+ 75. Kc2 Rb4 76. Kd3 Rb3+ 77. Kc2 Rc3+ 78. Kd2 Ne5 79. Rh5 Kd5 80. Rg5 Rh3 81. Rg8 Ke4 82. Re8 Rh2+ 83. Ke1 Rc2 84. Kd1 Ra2 85. Ra8 Rxa8 0-1


[Site "https://www.chess.com"]

[Event "Titled Tuesday Blitz October 11 Early 2022"]
[White "Nozdrachev, Leonid"]
[Black "Hartikainen, Jarmo"]
[WhiteFideId "24113433"]
[BlackFideId "503134"]
[WhiteElo "2249"]
[BlackElo "2149"]
[Result "1-0"]
[Round "05"]
[TimeControl "180+1"]
[Date "2022.10.12"]
[WhiteClock "0:01:23"]
[BlackClock "0:00:05"]

1. e4 c5 2. Nf3 d6 3. d4 cxd4 4. Nxd4 Nf6 5. Nc3 Nc6 6. Nb3 e5 7. Bg5 Be7 8. Bc4 O-O 9. Qe2 Be6 10. O-O-O Rc8 11. Bxf6 Bxf6 12. Nd5 Bxd5 13. Bxd5 Nb4 14. c3 a5 15. Kb1 Nxd5 16. Rxd5 a4 17. Na5 Qb6 18. Rhd1 Rc5 19. Nc4 Qb5 20. Rxc5 dxc5 21. Qd3 Qc6 22. Qd5 Qxd5 23. Rxd5 b5 24. Nxe5 Re8 25. f4 Bxe5 26. fxe5 Rc8 27. Kc2 Kf8 28. Rd7 Ke8 29. Rb7 b4 30. Kd3 a3 31. bxa3 bxa3 32. Kc4 Rd8 33. Ra7 Rd2 34. Rxa3 Rxg2 35. Kxc5 g5 36. Ra8+ Ke7 37. Ra6 g4 38. Rh6 Rxa2 39. Rxh7 Rc2 40. Kd4 Rd2+ 41. Ke3 Rd1 42. Kf4 Rc1 43. Kxg4 Rxc3 44. h4 Rc2 45. Rh6 Kf8 46. e6 fxe6 47. Rxe6 Rc4 48. Re5 Rb4 49. Kf4 Ra4 50. h5 Kf7 51. Rg5 Ra1 52. Rg3 Rh1 53. Kg5 Ke6 54. Kg6 Rh4 55. h6 Rxe4 56. h7 Rh4 57. Kg7 Ke7 58. h8=Q 1-0


[Site "https://www.chess.com"]

[Event "Titled Tuesday Blitz October 11 Early 2022"]
[White "Omariev, Maksim"]
[Black "Barria Zuniga, Daniel"]
[WhiteFideId "4193423"]
[BlackFideId "3400816"]
[WhiteElo "2435"]
[BlackElo "2414"]
[Result "0-1"]
[Round "05"]
[TimeControl "180+1"]
[Date "2022.10.12"]
[WhiteClock "0:00:03"]
[BlackClock "0:00:29"]

1. e4 c5 2. Nf3 Nc6 3. d4 cxd4 4. Nxd4 Nf6 5. Nc3 e6 6. Ndb5 a6 7. Nd6+ Bxd6 8. Qxd6 b5 9. e5 Ng4 10. Bf4 Qa5 11. Be2 b4 12. Bxg4 bxc3 13. O-O cxb2 14. Rab1 Rb8 15. Rfd1 Qb4 16. Bf3 Qxd6 17. Rxd6 Ke7 18. Bxc6 dxc6 19. Be3 Rb5 20. f4 f6 21. c4 Rb7 22. Bc5 Kf7 23. Rxc6 Bd7 24. Rb6 Rc7 25. Be3 Rxc4 26. R1xb2 Bb5 27. exf6 gxf6 28. Rb7+ Kg6 29. Kf2 Rhc8 30. Rd2 Rc2 31. Kg3 Rxd2 32. Bxd2 Rc2 33. Bb4 Rxa2 34. Bf8 Bc6 35. Rg7+ Kf5 36. Kh3 h5 37. g3 a5 38. Rh7 Bf3 39. Ra7 Bg4+ 0-1


[Site "https://www.chess.com"]

[Event "Titled Tuesday Blitz October 11 Early 2022"]
[White "Onslow, Alfie"]
[Black "Fernandez Garcia, Gumersindo"]
[WhiteFideId "436976"]
[BlackFideId "24516740"]
[WhiteElo "2015"]
[BlackElo "2072"]
[Result "0-1"]
[Round "05"]
[TimeControl "180+1"]
[Date "2022.10.12"]
[WhiteClock "0:00:03"]
[BlackClock "0:00:58"]

1. e4 c6 2. Nf3 d5 3. d3 dxe4 4. dxe4 Qxd1+ 5. Kxd1 Bg4 6. Be2 Nd7 7. Ne1 Bxe2+ 8. Kxe2 O-O-O 9. Nc3 Nc5 10. Be3 e5 11. Nd3 Nxd3 12. cxd3 b6 13. f4 f6 14. Rac1 Kb7 15. Rhf1 exf4 16. Rxf4 Bd6 17. Rf3 Ne7 18. d4 Ng6 19. g3 Rhe8 20. a3 Rd7 21. b4 b5 22. Kd3 Be5 23. Ne2 Red8 24. Kc3 a6 25. h4 h5 26. Kb2 Bc7 27. Rf5 Bb6 28. Rxh5 Ne5 29. dxe5 Bxe3 30. Rc2 Rd2 31. Nc3 Rxc2+ 32. Kxc2 Rd2+ 33. Kb3 fxe5 34. Rxe5 Bd4 35. Re7+ Kc8 36. a4 Rd3 37. axb5 Rxc3+ 38. Ka4 cxb5+ 39. Ka5 Ra3# 0-1


[Site "https://www.chess.com"]

[Event "Titled Tuesday Blitz October 11 Early 2022"]
[White "Orlov, Georgi"]
[Black "Rosenberg, Evan S"]
[WhiteFideId "2011271"]
[BlackFideId "2019299"]
[WhiteElo "2574"]
[BlackElo "2427"]
[Result "1-0"]
[Round "05"]
[TimeControl "180+1"]
[Date "2022.10.12"]
[WhiteClock "0:00:11"]
[BlackClock "0:00:11"]

1. d4 Nf6 2. Nf3 e6 3. c4 Bb4+ 4. Nc3 d5 5. e3 O-O 6. Bd3 dxc4 7. Bxc4 c5 8. O-O cxd4 9. exd4 b6 10. Bg5 Bb7 11. Re1 Nbd7 12. Bd3 Rc8 13. Rc1 Re8 14. Ne5 Be7 15. Re3 Nf8 16. Rh3 Ng6 17. Bxf6 Bxf6 18. Qh5 Bxe5 19. dxe5 Qd4 20. Qxh7+ Kf8 21. Bxg6 fxg6 22. Qxg6 Qxe5 23. Rh8+ Ke7 24. Rh7 Rg8 25. Rd1 Rxc3 26. bxc3 Be4 27. Qh5 Qxh5 28. Rxh5 Rc8 29. Re5 Bf5 30. Re3 Kf6 31. f3 e5 32. g4 Be6 33. Rde1 Rc5 34. h4 Bd7 35. R1e2 Bb5 36. Rd2 Bc6 37. Kf2 g5 38. hxg5+ Kxg5 39. Kg3 Kf6 40. Rd6+ Ke7 41. Rh6 Bb5 42. f4 Kd7 43. Rxe5 Rxc3+ 44. Kh4 Rc1 45. Rh7+ Kc6 46. Kg5 Rc5 47. Rh6+ Kb7 48. Rxc5 bxc5 49. Rd6 Kc7 50. Rd2 Bc4 51. f5 Bb5 52. f6 c4 53. f7 c3 54. Rc2 Bc4 55. Rxc3 Kd6 56. Rxc4 Ke7 57. Ra4 Kxf7 58. Rxa7+ Ke6 59. Ra5 Kd6 60. Kf6 Kc6 61. g5 Kb6 62. g6 Kxa5 63. g7 Ka4 64. g8=Q Ka5 65. Qb8 Ka4 66. Ke5 Ka5 67. Kd4 Ka6 68. Kc4 Ka5 69. Qb5# 1-0


[Site "https://www.chess.com"]

[Event "Titled Tuesday Blitz October 11 Early 2022"]
[White "Ozen, Bahadir"]
[Black "Aarav Dengla"]
[WhiteFideId "6337058"]
[BlackFideId "45059756"]
[WhiteElo "2722"]
[BlackElo "2249"]
[Result "1-0"]
[Round "05"]
[TimeControl "180+1"]
[Date "2022.10.12"]
[WhiteClock "0:00:16"]
[BlackClock "0:00:13"]

1. g3 d5 2. Nf3 g6 3. Bg2 Bg7 4. O-O c6 5. d3 e5 6. Nbd2 Ne7 7. c3 O-O 8. e4 dxe4 9. dxe4 Be6 10. Ng5 Bd7 11. Re1 h6 12. Ngf3 Be6 13. Qc2 Qd6 14. b4 Rd8 15. Bb2 a5 16. a3 axb4 17. cxb4 Na6 18. Nc4 Bxc4 19. Qxc4 Nc7 20. Qb3 Nb5 21. Rad1 Qc7 22. h4 Bf6 23. h5 Kg7 24. hxg6 Nxg6 25. Bf1 Rxd1 26. Rxd1 Nd6 27. Qe3 Kh7 28. Bc1 Bg7 29. Kg2 Rd8 30. Be2 f6 31. Rh1 Nf7 32. Bc4 Qe7 33. Ba2 b5 34. Bb3 Ra8 35. Nh2 Qd7 36. Qe2 Ne7 37. Ng4 Ng8 38. Rd1 Qe7 39. Qf3 Rd8 40. Qf5+ Kh8 41. Rh1 Ng5 42. Bxg5 fxg5 43. Bxg8 Kxg8 44. Nxh6+ Bxh6 45. Rxh6 Rd6 46. Rxd6 Qxd6 47. Qxg5+ Kf7 48. Qh5+ Kg7 49. Qg4+ Kf7 50. Qe2 Qd4 51. Qc2 Qd6 52. Qc3 Qe6 53. Kf3 Qf6+ 54. Ke2 Qe6 55. f3 Qa2+ 56. Kf1 Qb1+ 57. Kg2 Qa2+ 58. Kh3 Qe6+ 59. g4 Qh6+ 60. Kg2 Qe6 61. Kg3 Qf6 62. Qd2 Qe6 63. Qg5 Qd6 64. Qf5+ Kg7 65. g5 Qe7 66. Kg4 Qd6 67. Kh5 Qe7 68. Qf6+ Qxf6 69. gxf6+ Kxf6 70. Kh6 Ke6 71. Kg6 Kd6 72. Kf6 c5 73. bxc5+ Kxc5 74. Kxe5 Kc4 75. f4 Kb3 76. f5 Kxa3 77. f6 b4 78. f7 b3 79. f8=Q+ Ka2 80. Qa8+ Kb1 81. Kd4 b2 82. Qb8 Kc1 83. Qxb2+ Kxb2 84. e5 1-0


[Site "https://www.chess.com"]

[Event "Titled Tuesday Blitz October 11 Early 2022"]
[White "Papasimakopoulos, Alexandros"]
[Black "Shkuran, Danylo"]
[WhiteFideId "4244125"]
[BlackFideId "14106248"]
[WhiteElo "2357"]
[BlackElo "2427"]
[Result "1-0"]
[Round "05"]
[TimeControl "180+1"]
[Date "2022.10.12"]
[WhiteClock "0:00:19"]
[BlackClock "0:00:01"]

1. d4 d5 2. c4 c6 3. cxd5 cxd5 4. Bf4 Nc6 5. e3 Qb6 6. Qd2 Bf5 7. Nc3 e6 8. f3 h6 9. g4 Bh7 10. Rc1 Nf6 11. h4 Be7 12. g5 Nh5 13. Nge2 Nxf4 14. Nxf4 Kd7 15. gxh6 gxh6 16. Bd3 Rag8 17. Kd1 Bd6 18. Nce2 Nb4 19. Bxh7 Rxh7 20. a3 Nc6 21. Kc2 Na5 22. Qd3 Rhg7 23. Kb1 Nc4 24. Rxc4 dxc4 25. Qxc4 Rc8 26. Qa4+ Qc6 27. Qxa7 Qxf3 28. Re1 Qxe3 29. Qxb7+ Rc7 30. Qb5+ Ke7 31. Qa5 Qe4+ 32. Ka1 Qc6 33. d5 Qc5 34. Qd2 e5 35. Nc3 Kd7 36. Nh5 Rg8 37. Nf6+ Ke7 38. Nxg8+ Kf8 39. Qxh6+ 1-0


[Site "https://www.chess.com"]

[Event "Titled Tuesday Blitz October 11 Early 2022"]
[White "Pimpalkhare, Vedant"]
[Black "Samarth, J Rao"]
[WhiteFideId "25048236"]
[BlackFideId "46652370"]
[WhiteElo "2182"]
[BlackElo "1564"]
[Result "0-1"]
[Round "05"]
[TimeControl "180+1"]
[Date "2022.10.12"]
[WhiteClock "0:00:11"]
[BlackClock "0:00:10"]

1. Nf3 d5 2. d4 Nf6 3. c4 e6 4. Nc3 c6 5. Bg5 h6 6. Bxf6 Qxf6 7. e3 g6 8. Bd3 Bg7 9. O-O O-O 10. e4 dxc4 11. Bxc4 Nd7 12. Qe2 e5 13. d5 Nb6 14. Bb3 Bg4 15. dxc6 bxc6 16. Rfd1 Rfd8 17. Rac1 Rd4 18. Rxd4 exd4 19. Na4 Qf4 20. Qd2 Qxe4 21. Nc5 Qf5 22. Nxd4 Qf6 23. Ne2 Qxb2 24. Qxb2 Bxb2 25. Rc2 Be5 26. f3 Bf5 27. Rd2 Re8 28. Ng3 Bc3 29. Rd6 Bb4 30. Rxc6 Bxc5+ 31. Rxc5 Be6 32. Ne4 Kg7 33. Bxe6 Rxe6 34. Rc7 a5 35. Ra7 Nc4 36. Kf2 g5 37. Ng3 Kg6 38. Ne4 f5 39. Nc5 Rc6 40. Nb3 Rd6 41. Ke2 Rd5 42. Ra6+ Kh5 43. h3 f4 44. Rc6 Ne5 45. Nc5 Nxc6 46. Ne4 Re5 47. Kd3 Rxe4 48. Kxe4 Kg6 49. a3 Nb4 50. axb4 axb4 51. Kd4 Kf5 52. Kc4 Ke5 53. Kxb4 Kd4 54. Kb3 Ke3 55. Kc3 Kf2 56. Kd2 Kxg2 57. Ke2 Kxh3 58. Kf2 Kh2 59. Kf1 Kg3 0-1


[Site "https://www.chess.com"]

[Event "Titled Tuesday Blitz October 11 Early 2022"]
[White "Podetti, Davide"]
[Black "Korchmar, Vasiliy"]
[WhiteFideId "893617"]
[BlackFideId "24131750"]
[WhiteElo "2160"]
[BlackElo "2370"]
[Result "1-0"]
[Round "05"]
[TimeControl "180+1"]
[Date "2022.10.12"]
[WhiteClock "0:00:46"]
[BlackClock "0:00:03"]

1. e4 c5 2. Nf3 d6 3. Bb5+ Nd7 4. d4 cxd4 5. Qxd4 a6 6. Bxd7+ Bxd7 7. c4 e5 8. Qd3 Rc8 9. Nc3 h6 10. O-O Nf6 11. Rd1 Be7 12. Nd2 Qc7 13. a4 O-O 14. b3 Be6 15. Ba3 Rfd8 16. Nf1 Qb6 17. Qc2 Bf8 18. Ne3 h5 19. Ned5 Nxd5 20. Nxd5 Bxd5 21. Rxd5 g6 22. Rad1 Rc6 23. Qd3 Be7 24. c5 Qa7 25. cxd6 Bf8 26. Rxe5 Bxd6 27. Rd5 Bxa3 28. Rxd8+ Kh7 29. Qd4 Qxd4 30. R8xd4 Rc3 31. R4d3 Rc2 32. g3 Kg7 33. R1d2 Rc1+ 34. Kg2 Bb4 35. Re2 Rb1 36. e5 h4 37. gxh4 Kh6 38. e6 fxe6 39. Rxe6 Rb2 40. Rg3 Bc5 41. Rexg6+ Kh7 42. R6g5 b6 43. Rh5# 1-0


[Site "https://www.chess.com"]

[Event "Titled Tuesday Blitz October 11 Early 2022"]
[White "Poltorak, Sebastian"]
[Black "Matveeva, Olga"]
[WhiteFideId "1199498"]
[BlackFideId "24107018"]
[WhiteElo "2232"]
[BlackElo "2055"]
[Result "1-0"]
[Round "05"]
[TimeControl "180+1"]
[Date "2022.10.12"]
[WhiteClock "0:01:27"]
[BlackClock "0:00:28"]

1. d4 Nf6 2. c4 e6 3. Nc3 Bb4 4. Qc2 O-O 5. e4 Bxc3+ 6. bxc3 d6 7. Bd3 e5 8. Ne2 Re8 9. O-O Nbd7 10. Bg5 h6 11. Bh4 g5 12. Bg3 Kg7 13. Kh1 Qe7 14. Rae1 b6 15. h4 Bb7 16. Ng1 Nh5 17. Bh2 Rh8 18. Nh3 f6 19. Qe2 Qf7 20. Qg4 Rag8 21. f4 Nxf4 22. Bxf4 exf4 23. Nxf4 h5 24. Ne6+ Kh6 25. hxg5+ Rxg5 26. Nxg5 Qg7 27. Qe6 Qxg5 28. Qxd7 Rg8 29. Qh3 Bc8 30. Qh2 1-0


[Site "https://www.chess.com"]

[Event "Titled Tuesday Blitz October 11 Early 2022"]
[White "Potula, Kapish"]
[Black "Glavina, Pablo"]
[WhiteFideId "30903270"]
[BlackFideId "100234"]
[WhiteElo "1949"]
[BlackElo "2351"]
[Result "0-1"]
[Round "05"]
[TimeControl "180+1"]
[Date "2022.10.12"]
[WhiteClock "0:00:22"]
[BlackClock "0:00:11"]

1. d4 d5 2. Nc3 Nf6 3. Bf4 a6 4. e3 e6 5. g4 Bd6 6. Bd3 Bxf4 7. exf4 c5 8. dxc5 d4 9. Ne4 Nxe4 10. Bxe4 Qa5+ 11. Qd2 Qxd2+ 12. Kxd2 Nc6 13. Bxc6+ bxc6 14. Nf3 f6 15. Nxd4 Kf7 16. Rae1 Rd8 17. c3 g5 18. fxg5 e5 19. gxf6 exd4 20. cxd4 Rxd4+ 21. Kc3 Rxg4 22. Re7+ Kxf6 23. Rxh7 Be6 24. Re1 Rc4+ 25. Kd2 Rd8+ 26. Ke2 Rc2+ 27. Kf3 Bf5 28. Rh6+ Kg5 29. Rd6 Rf8 30. h4+ Kxh4 31. Re5 Bg4+ 32. Ke3 Re2+ 33. Kd4 Rf4+ 34. Kc3 Rxe5 35. Rxc6 Rf3+ 36. Kd4 Ref5 37. Rxa6 R3f4+ 38. Kc3 Rxc5+ 39. Kd2 Rxf2+ 40. Ke3 Re2+ 41. Kd3 Rd5+ 42. Kc4 Rd8 43. Rh6+ Kg5 44. Rb6 Rc2+ 45. Kb3 Rc7 46. a4 Bd1+ 47. Ka3 Ra8 48. b3 Rc3 49. Rb5+ Kf4 50. Kb2 Rc2+ 51. Ka3 Rc1 52. a5 Ke3 53. Re5+ Kd2 54. Re7 Kc3 55. Rc7+ Kd2 56. Rd7+ Kc2 57. Rc7+ Kb1 58. Rh7 Rxa5+ 59. Kb4 Ra2 60. Rg7 Rb2 61. Ka4 Rxb3 62. Ka5 Rc5+ 63. Ka6 Rc2 64. Rg5 Ra2+ 65. Ra5 Be2+ 66. Ka7 Rxa5# 0-1


[Site "https://www.chess.com"]

[Event "Titled Tuesday Blitz October 11 Early 2022"]
[White "Pourkashiyan, Atousa"]
[Black "Martic, Ivan"]
[WhiteFideId "12502014"]
[BlackFideId "929301"]
[WhiteElo "2247"]
[BlackElo "2355"]
[Result "0-1"]
[Round "05"]
[TimeControl "180+1"]
[Date "2022.10.12"]
[WhiteClock "0:00:04"]
[BlackClock "0:00:29"]

1. e4 c5 2. Nf3 Nf6 3. e5 Nd5 4. Nc3 Nxc3 5. dxc3 Nc6 6. Bc4 e6 7. O-O d5 8. exd6 Bxd6 9. Bg5 Qc7 10. Re1 O-O 11. h3 b6 12. Qd2 Bb7 13. Rad1 Be7 14. Bd3 Bxg5 15. Qxg5 Rad8 16. Qh4 h6 17. Qe4 g6 18. Qh4 Kg7 19. Nh2 Qe7 20. Qg3 Qg5 21. Ng4 h5 22. f4 Qe7 23. Ne5 Nxe5 24. fxe5 c4 25. Bf1 Qc5+ 26. Kh1 Rd5 27. Qg5 Rxd1 28. Rxd1 Bd5 29. Qf6+ Kg8 30. Rd4 b5 31. Be2 Re8 32. Qg5 Qe7 33. Qg3 Kh7 34. Bxh5 Rh8 35. Rh4 Kg7 36. Bxg6 Qxh4 0-1


[Site "https://www.chess.com"]

[Event "Titled Tuesday Blitz October 11 Early 2022"]
[White "Przybylski, Wojciech"]
[Black "Janaszak, Dawid"]
[WhiteFideId "1117599"]
[BlackFideId "1119206"]
[WhiteElo "2221"]
[BlackElo "2226"]
[Result "0-1"]
[Round "05"]
[TimeControl "180+1"]
[Date "2022.10.12"]
[WhiteClock "0:00:01"]
[BlackClock "0:00:31"]

1. e4 c6 2. d4 d5 3. e5 Bf5 4. Be3 e6 5. Be2 Nd7 6. Nd2 c5 7. c3 Ne7 8. f4 Nc6 9. a3 cxd4 10. cxd4 Be7 11. Ngf3 O-O 12. O-O Rc8 13. Rc1 Qb6 14. Qb3 Qxb3 15. Nxb3 Nb6 16. Nc5 Bxc5 17. dxc5 Nc4 18. Bxc4 dxc4 19. Rfd1 Bd3 20. b4 Rfd8 21. Kf2 Rd5 22. Nd2 a5 23. b5 Ne7 24. a4 Nf5 25. Re1 Nxe3 26. Kxe3 Rdxc5 27. Rc3 b6 28. Rec1 f6 29. Nf3 Kf7 30. exf6 gxf6 31. Nd4 Rg8 32. g3 e5 33. Nc6 exf4+ 34. Kxf4 Rf5+ 35. Ke3 Re8+ 36. Ne5+ Rfxe5+ 37. Kf3 Rf5+ 38. Kg2 Re2+ 39. Kh3 Rh5+ 40. Kg4 Rhxh2 41. Rd1 Kg6 42. Kf3 Rhf2+ 43. Kg4 f5+ 44. Kh3 Rh2# 0-1


[Site "https://www.chess.com"]

[Event "Titled Tuesday Blitz October 11 Early 2022"]
[White "Remizov, Yaroslav"]
[Black "Lewtak, Damian"]
[WhiteFideId "34134015"]
[BlackFideId "1141724"]
[WhiteElo "2417"]
[BlackElo "2329"]
[Result "0-1"]
[Round "05"]
[TimeControl "180+1"]
[Date "2022.10.11"]
[WhiteClock "0:00:10"]
[BlackClock "0:00:19"]

1. e4 c6 2. d4 d5 3. e5 c5 4. dxc5 Nc6 5. Nf3 Bf5 6. Bd3 Bxd3 7. Qxd3 e6 8. Be3 Nge7 9. c3 Ng6 10. Bd4 Be7 11. O-O O-O 12. Re1 a5 13. Na3 a4 14. Nb5 Qa5 15. Nd6 Qa7 16. h4 h6 17. h5 Nh4 18. Nxh4 Bxh4 19. Qb5 Be7 20. a3 Rfb8 21. Rad1 Qa5 22. Qd3 b6 23. cxb6 Nxd4 24. Qxd4 Qxb6 25. Qf4 Bxd6 26. exd6 Rd8 27. c4 Qxd6 28. Qxd6 Rxd6 29. cxd5 exd5 30. Rd4 Kf8 31. g4 Ra5 32. Kg2 Rb6 33. Re2 f6 34. Red2 Rd6 35. Re2 Kf7 36. Kg3 Rb6 37. Red2 Rb3+ 38. f3 Ke6 39. Re2+ Kd6 40. Red2 Rab5 41. Kf4 Rxb2 42. Rxd5+ Rxd5 43. Rxb2 Rd3 44. Rf2 Rxa3 45. Kf5 Rb3 46. Kg6 Rb7 47. Ra2 Ra7 48. Ra3 Kc5 49. f4 Kb4 50. Ra1 a3 51. f5 Kb3 52. Rh1 a2 53. Rh3+ Kc4 54. Rh1 Kd4 55. Ra1 Ke4 56. Rxa2 Rxa2 57. Kxg7 Ke5 58. Kxh6 Rg2 59. Kh7 Rxg4 60. h6 Kxf5 61. Kh8 Rh4 62. h7 Kg6 63. Kg8 Rxh7 64. Kf8 f5 0-1


[Site "https://www.chess.com"]

[Event "Titled Tuesday Blitz October 11 Early 2022"]
[White "Reprintsev, Alexander"]
[Black "Zhao, Jun"]
[WhiteFideId "14100541"]
[BlackFideId "8602522"]
[WhiteElo "2230"]
[BlackElo "2547"]
[Result "0-1"]
[Round "05"]
[TimeControl "180+1"]
[Date "2022.10.12"]
[WhiteClock "0:00:24"]
[BlackClock "0:02:13"]

1. e4 e6 2. d4 d5 3. Nc3 Nf6 4. Bg5 Bb4 5. e5 h6 6. exf6 hxg5 7. fxg7 Rg8 8. Qh5 Qf6 9. h4 Qxd4 10. Ne2 Qxg7 11. O-O-O Bd7 12. a3 Be7 13. Nd4 Nc6 14. Nxc6 Bxc6 15. Bb5 gxh4 16. Bxc6+ bxc6 17. Qe2 Rb8 0-1


[Site "https://www.chess.com"]

[Event "Titled Tuesday Blitz October 11 Early 2022"]
[White "Rodriguez Santiago, Jaime"]
[Black "Fernandez Hernandez, Gerardo"]
[WhiteFideId "3100898"]
[BlackFideId "2207400"]
[WhiteElo "2025"]
[BlackElo "2152"]
[Result "0-1"]
[Round "05"]
[TimeControl "180+1"]
[Date "2022.10.12"]
[WhiteClock "0:00:38"]
[BlackClock "0:00:14"]

1. c4 e5 2. Nc3 d6 3. g3 g6 4. Bg2 Bg7 5. e3 f5 6. Nge2 Nf6 7. O-O O-O 8. b3 c6 9. Bb2 Be6 10. d3 d5 11. f4 e4 12. cxd5 cxd5 13. dxe4 dxe4 14. Nd4 Qe7 15. h3 Rd8 16. Rf2 Nc6 17. Rd2 Nxd4 18. Rxd4 Rxd4 19. Qxd4 Nh5 20. Qd2 Nxg3 21. Kh2 Rd8 22. Qf2 Nh5 23. Bf1 Qc7 24. Rc1 Qe7 25. Nb5 a6 26. Nd4 Bf7 27. Qe1 Nxf4 28. Qg3 Ne6 29. Nxe6 Bxb2 30. Nxd8 Be5 31. Nxf7 Bxg3+ 32. Kxg3 Kxf7 33. Rc8 Qd6+ 34. Kf2 Qd2+ 35. Be2 f4 36. exf4 Qxf4+ 37. Ke1 e3 38. Rc4 Qg3+ 39. Kd1 Qg1+ 40. Kc2 Qe1 41. Kd3 Qd2+ 42. Ke4 Qxe2 43. Rc8 Qd2 44. Rc7+ Ke8 45. Rxb7 e2 46. Rb8+ Kd7 47. Rb7+ Kc8 0-1


[Site "https://www.chess.com"]

[Event "Titled Tuesday Blitz October 11 Early 2022"]
[White "Sailer, Mike"]
[Black "Parpiev, Isaak"]
[WhiteFideId "2012901"]
[BlackFideId "34281576"]
[WhiteElo "2109"]
[BlackElo "2100"]
[Result "0-1"]
[Round "05"]
[TimeControl "180+1"]
[Date "2022.10.12"]
[WhiteClock "0:00:58"]
[BlackClock "0:00:25"]

1. d4 Nf6 2. Bf4 d5 3. Nc3 c5 4. e4 dxe4 5. d5 g6 6. Qd2 Bg7 7. d6 e6 8. Nb5 Na6 9. O-O-O O-O 10. h4 h5 11. Bg5 Bd7 12. Nc7 Nxc7 13. dxc7 Qxc7 14. Bxf6 Bxf6 15. Qxd7 Qa5 16. Bc4 Rad8 17. Qb5 Rxd1+ 18. Kxd1 Rd8+ 19. Ke2 Qd2+ 20. Kf1 Qd1# 0-1


[Site "https://www.chess.com"]

[Event "Titled Tuesday Blitz October 11 Early 2022"]
[White "Sanchez, Robert"]
[Black "Mortazavi, Ali"]
[WhiteFideId "2034360"]
[BlackFideId "401323"]
[WhiteElo "2411"]
[BlackElo "2339"]
[Result "1-0"]
[Round "05"]
[TimeControl "180+1"]
[Date "2022.10.12"]
[WhiteClock "0:00:10"]
[BlackClock "0:00:01"]

1. Nf3 g6 2. e4 d6 3. d4 Bg7 4. Nc3 a6 5. h3 b5 6. a3 Bb7 7. Bd3 Nd7 8. O-O c5 9. d5 Ngf6 10. Bg5 O-O 11. Re1 Qc7 12. Qc1 Rfe8 13. Bh6 Bh8 14. Qg5 b4 15. Nd1 c4 16. Bf1 c3 17. axb4 cxb2 18. Nxb2 Nxe4 19. Rxe4 Bxb2 20. Rae1 Bf6 21. Qd2 Rac8 22. c4 Qb6 23. Be3 Qc7 24. Bd4 Bxd4 25. Qxd4 Nf6 26. Rh4 Rb8 27. Qf4 a5 28. b5 a4 29. Qh6 e5 30. Ng5 a3 31. Nxh7 Nxh7 32. Qxh7+ Kf8 33. Ra1 Ra8 34. Qh6+ Ke7 35. Qg5+ Kd7 36. Rh7 Re7 37. Be2 Qd8 38. c5 dxc5 39. b6 Bxd5 40. Bb5+ Kc8 41. Qf6 Kb7 42. Qg5 a2 43. Qd2 Be6 44. Bd3 Qxb6 45. Be4+ Kb8 46. Rh8+ Bc8 47. Rxa2 1-0


[Site "https://www.chess.com"]